 Dungeon Crawl Stone Soup version 0.24.0-1-gfbc8707 (webtiles) character file.

Game seed: 15424324189951910207, levelgen mode: deterministic

688 judgestillwater the Cudgeler (level 7, -1/54 HPs)
             Began as a Human Berserker on Nov 6, 2019.
             Was a Priest of Trog.
             Splashed by a jelly's acid (11 damage)
             ... on level 7 of the Dungeon.
             The game lasted 00:14:13 (6034 turns).

judgestillwater the Cudgeler (Human Berserker)      Turns: 6034, Time: 00:14:15

Health: -1/54      AC:  3    Str: 19    XL:     7   Next: 94%
Magic:  7/7        EV:  6    Int:  8    God:    Trog [***...]
Gold:   328        SH: 18    Dex: 12    Spells: 6/6 levels left

rFire    . . .     SeeInvis .   a - +2 mace
rCold    . . .     Gourm    .   m - +5 large shield of Qecleki {+Inv Regen+}
rNeg     . . .     Faith    .   g - +0 scale mail
rPois    .         Spirit   .   (no helmet)
rElec    .         Reflect  .   (no cloak)
rCorr    .         Harm     .   (no gloves)
MR       .....                  (no boots)
Stlth    ..........             (no amulet)
HPRegen  0.58/turn              h - ring of attention (curse)
MPRegen  0.10/turn              (no ring)

@: about to teleport, corroded
A: no striking features
a: Berserk, Trog's Hand, Renounce Religion, Evoke Invisibility


You were on level 7 of the Dungeon.
You worshipped Trog.
Trog was most pleased with you.
You were not hungry.

You visited 1 branch of the dungeon, and saw 7 of its levels.

You collected 328 gold pieces.

Inventory:

Hand Weapons
 a - a +2 mace (weapon)
 k - a +2 short sword of draining
Missiles
 t - 3 boomerangs (quivered)
Armour
 e - a +0 robe
 g - a +0 scale mail (worn)
 m - the +5 large shield of Qecleki (worn) {+Inv Regen+}
   (You found it on level 4 of the Dungeon)

   It lets you turn invisible.
   It increases your rate of regeneration.
Jewellery
 h - a cursed ring of attention (left hand)
Wands
 s - a wand of flame (23)
Scrolls
 b - 2 scrolls of magic mapping {unknown}
 l - 2 scrolls of teleportation
 n - a scroll of fog {unknown}
 r - a scroll of enchant armour {unknown}
 u - a scroll of random uselessness {unknown}
Potions
 d - 2 potions of curing
 f - 3 potions of brilliance
 i - 2 potions of berserk rage {unknown}
 o - 2 potions of heal wounds {unknown}
 p - a potion of flight {unknown}
 q - 2 potions of ambrosia {unknown}
 v - a potion of haste {unknown}
Comestibles
 c - 3 rations


   Skills:
 + Level 4.0 Fighting
 + Level 6.2 Maces & Flails
 + Level 4.0 Armour
 + Level 3.1 Dodging
 + Level 1.2 Stealth
 + Level 2.2 Shields


You had 6 spell levels left.
You didn't know any spells.
Your spell library was empty.

Dungeon Overview and Level Annotations

Branches:
Dungeon (6/15)             Temple (0/1) D:4

Altars:
Dithmenos
Fedhas
Trog
The Shining One


Message History

You feel strangely unstable.
You block the bullfrog skeleton's attack.
Something hits you but does no damage. The jelly barely misses you.
You block the bullfrog skeleton's attack.
You feel better. You block something's attack.
You block the bullfrog skeleton's attack.
The phantom blinks!
The jelly barely misses you.
You hit the bullfrog skeleton but do no damage.
The bullfrog skeleton is severely damaged.
You block the bullfrog skeleton's attack.
A sky beast appears from thin air!
Reactivating autopickup.
The sky beast hits you.
* * * LOW HITPOINT WARNING * * *
The sky beast shocks you.
* * * LOW HITPOINT WARNING * * *
The phantom blinks!
The jelly hits you.
* * * LOW HITPOINT WARNING * * *
The acid corrodes you!
You are splashed with acid!
You die...

#$####...W..#
#.# ####ZZh#
#.# #...# ####
#.#
#...#######..≈
#.
#...##......##
######.######
#####.§...#
#.###J..§.#####
#..Z@Y#####
#.W#### #. ..
#. #


You could see a phantom, a sky beast, a jelly and a bullfrog skeleton.

Vanquished Creatures
  A centaur (D:5)
  A scorpion (D:4)
  A centaur zombie (D:5)
  2 hounds (D:4)
  2 orc priests
  5 orc wizards
  Jessica (D:2)
  Terence (D:2)
  An iguana (D:4)
  2 worker ants
  4 adders
  2 oozes
  A dart slug (D:1)
  5 leopard geckos
  17 orcs
  3 ball pythons
  6 giant cockroaches
  9 goblins
  5 hobgoblins
  5 jackals
  2 quokkas
  10 bats
  4 frilled lizards
  A jackal skeleton (D:5)
  5 kobolds
  A rat (D:1)
97 creatures vanquished.

Vanquished Creatures (others)
  A wizard (D:4)
1 creature vanquished.

Grand Total: 98 creatures vanquished

Notes
Turn   | Place    | Note
-------+----------+-------------------------------------------
     0 | D:1      | judgestillwater the Human Berserker began the quest for the
                  | Orb.
     0 | D:1      | Reached XP level 1. HP: 18/18 MP: 1/1
   499 | D:1      | Reached XP level 2. HP: 24/24 MP: 2/2
  1073 | D:1      | Reached XP level 3. HP: 20/29 MP: 3/3
  1671 | D:2      | Reached ** piety under Trog
  1783 | D:2      | Noticed Terence
  1800 | D:2      | Killed Terence
  1800 | D:2      | Reached skill level 4 in Maces & Flails
  1800 | D:2      | Reached XP level 4. HP: 22/35 MP: 4/4
  2133 | D:2      | Noticed Jessica
  2149 | D:2      | Killed Jessica
  2277 | D:2      | Reached XP level 5. HP: 41/41 MP: 5/5
  2401 | D:2      | Found a glowing golden altar of the Shining One.
  2755 | D:3      | You fall into a shaft and drop 2 floors!
  2755 | D:5      | Entered Level 5 of the Dungeon
  3098 | D:3      | Reached skill level 5 in Maces & Flails
  3548 | D:4      | Reached XP level 6. HP: 31/47 MP: 6/6
  3960 | D:4      | Got a warped large shield
  3966 | D:4      | Identified the +5 large shield of Qecleki {+Inv Regen+}
                  | (You found it on level 4 of the Dungeon)
  4404 | D:4      | Reached XP level 7. HP: 49/53 MP: 7/7
  4517 | D:4      | Reached skill level 6 in Maces & Flails
  4525 | D:4      | Found a staircase to the Ecumenical Temple.
  4537 | D:4      | Identified the cursed +1 trident of Purpose {holy, Str+4
                  | Int+5}
  4760 | D:4      | Found a bloodstained altar of Trog.
  4763 | D:4      | Noticed a wizard
  4768 | D:4      | Killed a wizard
  4991 | D:5      | Reached skill level 1 in Stealth
  5028 | D:5      | Found a blossoming altar of Fedhas.
  5055 | D:5      | Reached skill level 1 in Shields
  5616 | D:5      | Reached *** piety under Trog
  5847 | D:6      | Found a shadowy altar of Dithmenos.
  5934 | D:6      | You fall into a shaft and drop 1 floor!
  6034 | D:7      | Splashed by a jelly's acid

Levels and vault maps discovered:
D:1:      dpeg_cavernosity, layout_basic
D:2:      layout_loops_ring, nicolae_tso_swordbearing_angel, uniq_jessica,
          uniq_terence
D:3:      layout_rooms, first_ration
D:4:      layout_loops_ring, temple_pool_b, trog_wizard
D:5:      layout_loops_ring, minmay_statues_item, fedhas_bush_and_centaur_altar
D:6:      layout_loops_cross, nicolae_overflow_crystal_walls, marbit_many_paths,
          grunt_dithmenos_smoke
D:7:      layout_rooms

Skill      XL: |  1  2  3  4  5  6  7 |
---------------+----------------------+-----
Maces & Flails | 4 5 6 |  6.2
Armour         | 3 4 |  4.0
Dodging        | 3 |  3.1
Stealth        | 1 |  1.2
Shields        | 2 |  2.2
Fighting       | 4 |  4.0

Action                   |  1- 3 |  4- 6 |  7- 9 || total
-------------------------+-------+-------+-------++-------
Melee: Mace              |   124 |   200 |   178 ||   502
  Use: Scroll            |     3 |     2 |     6 ||    11
       Potion            |       |       |     3 ||     3
  Eat: Ration            |     1 |     2 |     2 ||     5
       Chunk             |     1 |       |     1 ||     2
Armor: Ring mail         |    37 |       |       ||    37
       Animal skin       |     1 |       |       ||     1
       Scale mail        |       |    82 |    57 ||   139
Dodge: Dodged            |    83 |   105 |    27 ||   215
Block: Large shield      |       |    46 |   172 ||   218
